 Dungeon Crawl Stone Soup version 0.31.0 (webtiles) character file.

Game seed: 12533873232658348554

18629 hawla the Gouger (level 12, 0/56 HPs)
             Began as a Felid Shapeshifter on Jan 19, 2024.
             Was an Elder of Makhleb.
             Killed by divine providence
             ... invoked by a meliai
              (9 damage)
             ... on level 12 of the Dungeon.
             The game lasted 00:37:10 (12928 turns).

hawla the Gouger (Felid Shapeshifter)              Turns: 12928, Time: 00:37:10

Health: 0/56       AC:  3    Str: 14    XL:     12   Next: 29%
Magic:  0/26       EV: 30    Int: 15    God:    Makhleb [****..]
Gold:   522        SH:  0    Dex: 16    Spells: 11/13 levels left
                                        Lives:  0   Deaths: 4

rFire   + .          .
                       - Unarmed
rCold   + . .        (shield unavailable)
rNeg    . . .        (body armour unavailable)
rPois   .            (helmet unavailable)
rElec   .            (cloak unavailable)
rCorr   .            (gloves unavailable)
SInv    +            (boots unavailable)
Will    +....        p - amulet of guardian spirit
Stlth   +            s - ring of magical power
HPRegen 0.29/turn    u - +5 ring of evasion
MPRegen 0.20/turn

%: guardian spirit
@: mighty, flux-form, glowing
A: glow, contaminating, very small, claws 1, fangs 3, see invisible, shaggy fur
3, stealthy paws, no weapons or thrown items, no armour, multi-lived, fire
resistance 1
a: Begin Untransformation, Renounce Religion, Minor Destruction, Lesser Servant
of Makhleb, Major Destruction


You were on level 12 of the Dungeon.
You worshipped Makhleb.
Makhleb was greatly pleased with you.
You were something dangerously unstable.
You visited 2 branches of the dungeon, and saw 14 of its levels.
You also visited: Bailey.

You collected 809 gold pieces.
You spent 287 gold pieces at shops.

Inventory:

Jewellery
 p - an amulet of guardian spirit (around neck)
 s - a ring of magical power (left paw)
 u - a +5 ring of evasion (right paw)
 y - a ring of willpower
 A - an amulet of magic regeneration
 E - a ring of fire
Talismans
 b - a beast talisman
 c - a flux talisman (active)
Wands
 q - a wand of flame (12) (quivered)
 t - a wand of charming (12)
 v - a wand of iceblast (2)
Scrolls
 a - a scroll of enchant weapon {unknown}
 e - 3 scrolls of vulnerability
 g - a scroll of revelation
 h - 4 scrolls of noise
 i - a scroll of immolation
 j - a scroll of poison
 k - 5 scrolls of summoning
 n - 2 scrolls of teleportation
 o - a scroll of silence {unknown}
 z - 6 scrolls of identify
 C - a scroll of fog {unknown}
Potions
 d - 2 potions of might
 f - a potion of lignification
 l - 2 potions of attraction
 m - 3 potions of enlightenment
 r - a potion of brilliance
 w - 2 potions of magic
 x - a potion of berserk rage
 B - a potion of curing


   Skills:
 + Level 3.2 Fighting
 + Level 7.7 Dodging
 + Level 2.3 Stealth
 + Level 14.6 Unarmed Combat
 + Level 1.0 Spellcasting
 + Level 3.0 Translocations
 + Level 6.2 Invocations
 + Level 3.1 Evocations
 + Level 9.4 Shapeshifting


You had 11 spell levels left.
You knew the following spells:

 Your Spells              Type           Power      Damage    Failure   Level
a - Blink                 Tloc           18%        N/A       11%         2

Your spell library contained the following spells:

 Spells                   Type           Power      Damage    Failure   Level
 Lesser Beckoning         Tloc           18%        N/A       11%         2
 Momentum Strike          Conj/Tloc      10%        3d8       21%         2


Dungeon Overview and Level Annotations

Branches:
Dungeon (13/15)            Temple (1/1) D:7            Lair (0/5) D:10
    Orc (0/2) D:9          Bailey (visited)
 Vaults: D:13-14

Altars:
Ashenzari
Cheibriados
Dithmenos
Elyvilon
Fedhas
Gozag
Hepliaklqana
Kikubaaqudgha
Makhleb
Nemelex Xobeh
Okawaru
Qazlal
Ru
Sif Muna
Trog
Uskayaw
Vehumet
Wu Jian
Xom
Yredelemnul
Zin
The Shining One

Shops:
D:7 [(*(*


Innate Abilities, Weirdness & Mutations

You are something dangerously unstable.
You glow with magical radiation, making you easy to see and hit.
Foes you strike become dangerously contaminated with magical radiation.
You have sharp claws.
You have razor-sharp teeth.
You have supernaturally acute eyesight. (SInv)
Your thick and shaggy fur keeps you warm. (AC +3, rC+)
Your paws help you pounce on unaware monsters.
You are incapable of wielding weapons or throwing items.
You cannot wear armour.
You gain extra lives every three experience levels.
Your flesh is heat resistant. (rF+)


Message History

The killer bee completely misses you. The killer bee misses you.
The meliai calls upon its god to heal the killer bee.
The killer bee is healed somewhat.
You hear an angry buzzing noise. x2
You claw the killer bee!
The killer bee glows dangerously bright.
The killer bee is almost dead.
You hear an angry buzzing noise.
The killer bee completely misses you.
You hear an angry buzzing noise.
You claw the killer bee!
You kill the killer bee!
Makhleb accepts your kill.
You feel better.
The meliai mumbles some strange prayers to its god against you.
Something smites you!
You miss the meliai. Your bite misses the meliai. The meliai misses you.
The meliai closely misses you.
You claw the meliai!
The meliai begins to glow.
The meliai is moderately wounded.
The meliai hits you with a +0 war axe!
* * * LOW HITPOINT WARNING * * *
The meliai completely misses you. The meliai hits you with a +0 war axe.
* * * LOW HITPOINT WARNING * * *
The meliai completely misses you.
You feel much better. The meliai closely misses you. The meliai stings you.
The meliai misses you. The meliai completely misses you.
The meliai attacks as it pursues you! The meliai misses you.
The meliai completely misses you. x2; The meliai stings you.
You are poisoned.
The meliai poisons you!
You feel very sick. The meliai hits you with a +0 war axe!!
* * * LOW HITPOINT WARNING * * *
The meliai barely misses you.
There is a stone staircase leading up, spattered with blood here.
You feel better. The meliai misses you. x2
The meliai calls down the wrath of its god upon you.
Something smites you!
You die...

......#....# .y
#.#......)....#
...o..#....#
yy#.#......<....#
oo....######
y###...........#
......# .y#...........#
......# #y#...........#
......# ..
#†#...........# ......#
...######y#...........#
......#
........yy#...........#
......#
........p.#...........#
......#
..........#...........#
......#
..........#...........#
......#
..........#...........#
......#
..........#...........#
......#
..........#...........#
......#
..........#...........#
......#
..........#...........#
......#
..........#...........#


You could see a meliai (contam) and 4 killer bees.

Vanquished Creatures
  A boulder beetle (D:12)
  5 two-headed ogres
  Pikel (D:5)
  A deep elf zephyrmancer (Bailey)
  An orc knight (Bailey)
  A meliai (D:12)
  A gargoyle (D:8)
  A komodo dragon (D:11)
  An unseen horror (D:10)
  A queen bee (D:12)
  A troll (D:9)
  Sigmund (D:6)
  2 ynoxinuls (D:11)
  6 shadows
  5 wyverns
  26 yaks
  4 redbacks (D:12)
  A basilisk (D:11)
  5 water moccasins
  9 orc warriors
  3 black bears
  An ice beast (D:8)
  5 centaurs
  2 ogres
  8 kobold brigands
  5 bullfrogs
  4 scorpions
  2 gnoll sergeants
  7 wights
  8 killer bees
  3 howler monkeys
  7 orc priests
  3 hounds
  A jelly (D:8)
  13 orc wizards
  Terence (D:2)
  16 gnolls
  4 adders
  A white imp (D:7)
  7 ufetubi (D:11)
  3 dart slugs
  2 ribbon worms
  59 orcs
  5 ball pythons
  An endoplasm (D:1)
  3 giant cockroaches
  9 goblins
  7 hobgoblins
  4 jackals (D:4)
  3 quokkas
  5 bats
  2 frilled lizards
  21 kobolds
  2 rats
301 creatures vanquished.

Vanquished Creatures (collateral kills)
  An ugly thing (D:12)
  2 orc warriors (Bailey)
  3 killer bees (D:11)
  2 ufetubi (D:11)
  3 orcs (Bailey)
11 creatures vanquished.

Grand Total: 312 creatures vanquished

Notes
Turn   | Place    | Note
-------+----------+-------------------------------------------
     0 | D:1      | hawla the Felid Shapeshifter began the quest for the Orb.
     0 | D:1      | Reached XP level 1. HP: 10/10 MP: 2/2
   413 | D:1      | Reached XP level 2. HP: 14/14 MP: 3/3
   660 | D:2      | Noticed Terence
   665 | D:2      | Gained mutation: Your flesh is heat resistant. (rF+)
                  | [potion of mutation]
  1029 | D:2      | Killed Terence
  1030 | D:2      | Reached XP level 3. HP: 12/18 MP: 4/4
  1224 | D:2      | Reached XP level 4. HP: 22/22 MP: 5/5
  1224 | D:2      | Gained a life (2 lives remaining)
  1250 | D:2      | Learned a level 2 spell: Blink
  1792 | D:3      | Found a basalt altar of Yredelemnul.
  1963 | D:3      | Reached skill level 1 in Translocations
  2281 | D:3      | Found a glowing silver altar of Zin.
  2475 | D:4      | Noticed a scorpion
  2489 | D:4      | Killed a scorpion
  2490 | D:4      | Reached XP level 5. HP: 20/25 MP: 5/7
  2553 | D:4      | Reached skill level 1 in Spellcasting
  2633 | D:4      | Reached skill level 4 in Unarmed Combat
  2674 | D:4      | Noticed a yak
  2674 | D:4      | Noticed a yak
  2675 | D:4      | Noticed a yak
  2675 | D:4      | Noticed a yak
  2675 | D:4      | Noticed a yak
  2675 | D:4      | Noticed a yak
  2844 | D:4      | Killed a yak
  2845 | D:4      | Gained mutation: You are covered in thick fur. (AC +2)
                  | [Felid growth]
  2845 | D:4      | Reached XP level 6. HP: 24/30 MP: 8/8
  2848 | D:4      | Killed a yak
  2849 | D:4      | Reached skill level 5 in Shapeshifting
  2849 | D:4      | Killed a yak
  2849 | D:4      | Killed a yak
  2850 | D:4      | Reached skill level 5 in Unarmed Combat
  2850 | D:4      | Reached XP level 7. HP: 23/33 MP: 9/9
  2852 | D:4      | Killed a yak
  2915 | D:4      | Slain by a yak
  2915 | D:4      | Lost a life (1 life remaining)
  3259 | D:5      | Entered Level 5 of the Dungeon
  3275 | D:4      | Reached XP level 8. HP: 8/37 MP: 10/10
  3275 | D:4      | Gained a life (2 lives remaining)
  3532 | D:5      | Found a hide-covered altar of Uskayaw.
  3633 | D:5      | Reached skill level 6 in Unarmed Combat
  3858 | D:5      | Noticed Pikel
  3873 | D:5      | Killed Pikel
  3874 | D:5      | Reached skill level 7 in Unarmed Combat
  3880 | D:5      | Reached skill level 8 in Unarmed Combat
  4519 | D:6      | Reached XP level 9. HP: 41/41 MP: 11/11
  4625 | D:6      | Reached skill level 9 in Unarmed Combat
  5148 | D:6      | Noticed Sigmund
  5155 | D:6      | Killed Sigmund
  5231 | D:6      | Found a radiant altar of Vehumet.
  5478 | D:4      | Reached skill level 10 in Unarmed Combat
  5781 | D:7      | Found Tor Iky's Weapon Boutique.
  5790 | D:7      | Found Hauc's General Store.
  5793 | D:7      | Found an iron altar of Okawaru.
  5800 | D:7      | Found a sacrificial altar of Ru.
  5801 | D:7      | Found Fefuseiz's General Store.
  5817 | D:7      | Bought a scroll of blinking for 82 gold pieces
  5817 | D:7      | Bought a scroll of identify for 22 gold pieces
  5817 | D:7      | Bought a scroll of teleportation for 33 gold pieces
  5817 | D:7      | Found a broken altar of Ashenzari.
  5819 | D:7      | Found a bloodstained altar of Trog.
  5826 | D:7      | Bought a scroll of summoning for 114 gold pieces
  5826 | D:7      | Bought a potion of curing for 36 gold pieces
  5859 | D:7      | Reached skill level 1 in Stealth
  5865 | D:7      | Found a shimmering altar of Xom.
  6054 | D:7      | Found a staircase to the Ecumenical Temple.
  6080 | D:7      | HP: 2/40 [orc priest/divine providence (10)]
  6081 | D:7      | Killed from afar by an orc priest
  6081 | D:7      | Lost a life (1 life remaining)
  6086 | D:7      | Found Zuby's Armour Shoppe.
  6168 | Temple   | Entered the Ecumenical Temple
  6174 | Temple   | Became a worshipper of Makhleb the Destroyer
  6361 | D:7      | Reached skill level 5 in Dodging
  6673 | D:7      | Found Suwam's Weapon Shoppe.
  7237 | D:8      | Reached * piety under Makhleb
  7925 | D:8      | Reached XP level 10. HP: 46/46 MP: 12/12
  7925 | D:8      | Gained a life (2 lives remaining)
  7973 | D:8      | Noticed a gargoyle
  7984 | D:8      | Killed a gargoyle
  7985 | D:8      | Reached skill level 11 in Unarmed Combat
  7985 | D:8      | Reached skill level 1 in Invocations
  7985 | D:8      | Reached skill level 1 in Evocations
  8175 | D:8      | Found a stormy altar of Qazlal.
  8287 | D:8      | Found a hazy altar of Hepliaklqana.
  8653 | D:9      | Noticed a two-headed ogre
  8663 | D:9      | Killed a two-headed ogre
  9202 | D:9      | Found a white marble altar of Elyvilon.
  9251 | D:9      | Found a staircase to the Orcish Mines.
  9272 | D:9      | Reached skill level 5 in Invocations
  9366 | D:9      | Reached skill level 12 in Unarmed Combat
  9371 | D:9      | Slain by a gnoll sergeant
  9371 | D:9      | Lost a life (1 life remaining)
  9768 | D:10     | Entered Level 10 of the Dungeon
  9846 | D:10     | Reached ** piety under Makhleb
  9853 | D:10     | Found a flagged portal.
  9918 | Bailey   | Entered a bailey
  9968 | Bailey   | Noticed an orc knight
 10013 | Bailey   | Reached XP level 11. HP: 21/51 MP: 11/15
 10020 | Bailey   | Killed an orc knight
 10021 | Bailey   | Found a large runed translucent door.
 10021 | Bailey   | Found a large runed translucent door.
 10120 | Bailey   | Noticed a deep elf zephyrmancer
 10214 | Bailey   | Killed a deep elf zephyrmancer
 10469 | D:10     | Found a staircase to the Lair.
 10641 | D:11     | Noticed a two-headed ogre
 10651 | D:11     | Killed a two-headed ogre
 10651 | D:11     | Reached *** piety under Makhleb
 10759 | D:11     | Mangled by a komodo dragon
 10759 | D:11     | Lost a life (0 lives remaining)
 11047 | D:11     | Reached skill level 13 in Unarmed Combat
 11862 | D:12     | Noticed a two-headed ogre
 11868 | D:12     | Killed a two-headed ogre
 11899 | D:12     | Noticed a boulder beetle
 11907 | D:12     | Killed a boulder beetle
 11907 | D:12     | Reached **** piety under Makhleb
 11950 | D:12     | Noticed a red ugly thing
 11956 | D:12     | Killed a cyan ugly thing
 11957 | D:12     | Reached skill level 14 in Unarmed Combat
 11957 | D:12     | Gained mutation: Your thick and shaggy fur keeps you warm.
                  | (AC +3, rC+) [Felid growth]
 11957 | D:12     | Reached XP level 12. HP: 40/56 MP: 17/17
 12106 | D:12     | Noticed a two-headed ogre
 12116 | D:12     | Killed a two-headed ogre
 12384 | D:12     | Noticed a two-headed ogre
 12408 | D:12     | Killed a two-headed ogre
 12927 | D:12     | HP: 2/56 [meliai/+0 war axe (18)]
 12928 | D:12     | Killed from afar by a meliai

Illustrated notes

Levels and vault maps discovered:
D:1:      dpeg_arrival_round_c, layout_basic, minmay_tetromino_o4
D:2:      cheibrodos_old_hovel, layout_basic, uniq_terence
D:3:      layout_loops_ring, lemuel_doored_altar, mainiacjoe_overflow_brackets
D:4:      layout_basic
D:5:      layout_loops_ring, nicolae_uskayaw_murder_on_the_dancefloor,
          uniq_pikel
D:6:      layout_basic, lemuel_tele_altar, uniq_sigmund
D:7:      layout_basic, overflow_temple_1_default,
          nicolae_overflow_macrodata_refinement, minmay_temple_entry_overgrown,
          serial_shops, nicolae_shop_statue_plus,
          nicolae_shop_tiny_real_fake_doors, shop, shop,
          nicolae_shop_pleasant_corner_grove
D:8:      wad_cavern_with_rooms, layout_layer_cave, mainiacjoe_overflow_swirl,
          nicolae_tricolors
D:9:      layout_loops_ring, mainiacjoe_overflow_catwalk,
          kennysheep_orc_monster_closet_entryway
D:10:     layout_loops_ring, minmay_lair_entry_grove, enter_bailey_2
D:11:     layout_cave_pools, nicolae_fort_ynox
D:12:     layout_grid_maze, special_room [special_room_bee], drop_trap
D:13:     layout_long_grid, david_vaults_1, serial_shops, shop
Temple:   chequers_temple_sunken

Skill      XL: |  1  2  3  4  5  6  7  8  9 10 11 |
---------------+----------------------------------+-----
Dodging        | 3 4 5 7 |  7.7
Shapeshifting  | 3 4 5 6 7 8 9 |  9.4
Translocations | 1 3 |  3.0
Spellcasting   | 1 |  1.0
Unarmed Combat | 4 5 8 10 12 14 | 14.6
Stealth        | 1 2 |  2.3
Fighting       | 2 3 |  3.2
Invocations    | 5 6 |  6.2
Evocations     | 2 3 |  3.1

Action                     |  1- 3 |  4- 6 |  7- 9 | 10-12 || total
---------------------------+-------+-------+-------+-------++-------
  Melee: Unarmed           |    56 |    99 |   341 |   563 ||  1059
         Bite              |     3 |    12 |    46 |   102 ||   163
         Punch             |       |     2 |     1 |       ||     3
   Cast: Blink             |       |     1 |     1 |     5 ||     7
 Invoke: Lesser Servant of |       |       |       |     3 ||     3
         Minor Destruction |       |       |       |     3 ||     3
  Evoke: Wand              |       |       |       |    13 ||    13
    Use: Scroll            |     4 |    11 |     5 |     5 ||    25
         Potion            |     3 |     1 |     5 |     9 ||    18
   Stab: Sleeping          |     3 |     1 |       |       ||     4
 Armour: Skin              |    19 |    32 |   118 |   175 ||   344
  Dodge: Dodged            |    43 |    75 |   303 |   867 ||  1288
   Form: Flux              |       |       |     1 |       ||     1
